 Dungeon Crawl Stone Soup version 0.31-a0-1576-ga3383bade6 (webtiles) character file.

Game seed: 13391673076190973160

1804 Flugslaktarn the Mimic (level 9, -7/54 HPs)
             Began as an Octopode Alchemist on Jan 4, 2024.
             Was a Believer of Wu Jian.
             Killed from afar by an efreet (29 damage)
             ... with a bolt of fire
             ... on level 8 of the Dungeon.
             The game lasted 00:14:44 (3925 turns).

Flugslaktarn the Mimic (Octopode Alchemist)         Turns: 3925, Time: 00:14:45

Health: -7/54      AC:  1    Str:  7    XL:     9   Next: 9%
Magic:  12/12      EV: 13    Int: 17    God:    Wu Jian [**....]
Gold:   309        SH:  0    Dex: 17    Spells: 7/12 levels left

rFire   . . .        c - +1 dagger (elec)
rCold   . . .        (no shield)
rNeg    . . .        (helmet currently unavailable)
rPois   .            (no amulet)
rElec   .            j - +4 ring of slaying
rCorr   .            (no ring)
SInv    .            (no ring)
Will    .....        (no ring)
Stlth   +++          (no ring)
HPRegen 0.29/turn    (no ring)
MPRegen 0.13/turn    (no ring)
                     (no ring)

%: no passive effects
@: exhausted, beast-form
A: beast (slay +4), almost no armour, amphibious, 8 rings, camouflage 1,
gelatinous body 1, (nimble swimmer 1), tentacles
a: Begin Untransformation, Renounce Religion, Wall Jump


You were on level 8 of the Dungeon.
You worshipped Wu Jian.
Wu Jian was pleased with you.
You were a hulking beast.
You visited 2 branches of the dungeon, and saw 9 of its levels.

You collected 309 gold pieces.

Inventory:

Hand Weapons
 c - a +1 dagger of electrocution (weapon)
   (You took it off a goblin on level 1 of the Dungeon)
 h - a +1 heavy dire flail
   (You took it off Edmund on level 4 of the Dungeon)
 y - a +2 dagger of protection
   (You took it off an orc on level 6 of the Dungeon)
Armour
 k - a +2 kite shield
   (You found it on level 3 of the Dungeon)
Magical Staves
 w - a staff of alchemy
   (You found it on level 3 of the Dungeon)
Jewellery
 j - a +4 ring of slaying (left tentacle)
   (You found it on level 6 of the Dungeon)
 n - the ring "Atocobb" {Ice *Corrode ^Drain Str+8 Int+5}
   (You took it off an orc on level 5 of the Dungeon)

   [ring of ice]

   Ice:       It enhances your ice magic.
   Str+8:     It affects your strength (+8).
   Int+5:     It affects your intelligence (+5).
   rF-:       It makes you vulnerable to fire.
   rC+:       It protects you from cold.
   *Corrode:  It may corrode you when you take damage.
   ^Drain:    It drains your maximum health when unequipped.
Talismans
 d - a flux talisman
   (You found it on level 3 of the Dungeon)
 i - a serpent talisman
   (You found it on level 3 of the Dungeon)
 p - a maw talisman
   (You found it on level 5 of the Dungeon)
 u - a beast talisman (active)
   (You found it on level 5 of the Dungeon)
Scrolls
 b - 2 scrolls of enchant armour
 g - a scroll of enchant weapon
 o - a scroll of fog {unknown}
 s - a scroll of revelation
 t - 2 scrolls of teleportation
 v - a scroll of poison {unknown}
 x - a scroll of noise {unknown}
 z - a scroll of blinking
Potions
 a - a potion of magic
 e - a potion of degeneration {unknown}
 f - 2 potions of attraction
 l - a potion of lignification {unknown}
 m - 2 potions of mutation
 q - 2 potions of curing
 r - 2 potions of heal wounds {unknown}
 A - a potion of enlightenment {unknown}


   Skills:
 - Level 2.2 Fighting
 - Level 2.0 Dodging
 - Level 2.6 Stealth
 - Level 2.2 Unarmed Combat
 - Level 2.2 Spellcasting
 - Level 1.0 Conjurations
 - Level 6.0 Alchemy
 + Level 8.9 Shapeshifting


You had 7 spell levels left.
You knew the following spells:

 Your Spells              Type           Power      Damage    Failure   Level
a - Sting                 Conj/Alch      52%        1d6       4%          1
b - Olgreb's Toxic Radia  Alch           22%        N/A       16%         4

Your spell library contained the following spells:

 Spells                   Type           Power      Damage    Failure   Level
 Mercury Vapours          Alch/Air       24%        N/A       9%          2
 Magic Dart               Conj           20%        1d4       13%         1
 Cigotuvi's Dreadful Rot  Necr/Alch/Air  16%        N/A       13%         2
 Kiss of Death            Conj/Necr      12%        2d6       16%         1
 Shock                    Conj/Air       12%        1d3       16%         1
 Mephitic Cloud           Conj/Alch/Air  9%         N/A       22%         3
 Blink                    Tloc           2%         N/A       28%         2
 Call Imp                 Summ           2%         N/A       28%         2
 Confusing Touch          Hex            1%         N/A       50%         3
 Swiftness                Air            1%         N/A       50%         3
 Ignite Poison            Fire/Alch      12%        N/A       50%         4
 Sticky Flame             Fire/Alch      12%        2d5       50%         4
 Airstrike                Air            0%         2d(1-17)  88%         4
 Dispel Undead            Necr           1%         3d6       88%         4
 Freezing Cloud           Conj/Ice/Air   1%         6-21      99%         5


Dungeon Overview and Level Annotations

Branches:
Dungeon (8/15)             Temple (1/1) D:5
   Lair: D:8-11

Altars:
Ashenzari
Cheibriados
Dithmenos
Elyvilon
Fedhas
Gozag
Hepliaklqana
Kikubaaqudgha
Makhleb
Nemelex Xobeh
Okawaru
Qazlal
Ru
Sif Muna
Trog
Uskayaw
Vehumet
Wu Jian
Xom
Yredelemnul
Zin
The Shining One

Shops:
D:3 (   D:4 :   D:6 *

Annotations:
D:4 1 runed translucent door, exclusion: downstairs, Crazy Yiuf


Innate Abilities, Weirdness & Mutations

You are a hulking beast.
Your limbs bulge with bestial killing power. (Slay +4)
You cannot wear most types of armour.
You are amphibious.
You can wear up to eight rings at the same time.
Your skin changes colour to match your surroundings (Stealth+).
Your rubbery body absorbs attacks. (AC +1, EV +1)
((You are camouflaged when in or above water. (Stealth+)))
You have tentacles for arms and can constrict up to eight enemies at once.


Message History

There is a stone staircase leading down, spattered with blood here.
Found a scroll of teleportation.
An orc priest comes into view. It is wielding a +0 club.
The orc priest closely misses you.
You hit the orc priest.
Your weapon exudes an aura of protection.
You grab the orc priest. You squeeze the orc priest!
The orc priest is almost dead.
You constrict the orc priest.
You kill the orc priest!
The Council accepts your kill.
You can now briefly move at supernatural speeds.
No target in view!
t - 2 scrolls of teleportation (gained 1)
You open the door.
Found a glowing silver altar of Zin.
The angel shouts!
There is an open door here.
There is an open door here.
There is an open door here.
An orc wizard comes into view. It is wielding a +0 dagger.
Unknown command.
Found 10 gold pieces.
The orc wizard points at you and mumbles some strange words.
You are confused.
You bump into the rock wall.
You bump into the rock wall.
The orc wizard hits you with a +0 dagger.
You bump into the rock wall.
The orc wizard hits you with a +0 dagger.
You are too confused!
You are too confused!
You bump into the rock wall.
The orc wizard closely misses you.
You are too confused!
You are too confused!
You feel less confused.
You lunge at the orc wizard.
You hit the orc wizard.
Your weapon exudes an aura of protection.
You grab the orc wizard. Your squeeze misses the orc wizard.
The orc wizard is moderately wounded.
You constrict the orc wizard, but do no damage.
The orc wizard casts a spell at you. The puff of flame hits you!
You puncture the orc wizard!
The orc wizard is almost dead.
You constrict the orc wizard, but do no damage.
The orc wizard closely misses you.
You puncture the orc wizard!
You kill the orc wizard!
The Council accepts your kill.
No target in view!
Things that are here:
a +0 dagger; a +0 robe You now have 309 gold pieces (gained 10).
Okay, then.
An efreet and an orc come into view.
The efreet is wielding a +3 scimitar of flaming.
Unknown command.
Okay, then.
Okay, then.
Unknown command.
Your +2 dagger of protection goes still.
You hear the crackle of electricity.
c - a +1 dagger of electrocution (weapon)
Unknown command.
Unknown command.
Unknown command.
Unknown command.
Your muscles tense, ready for explosive movement...
You can no longer move at supernatural speeds.
You spin and attack the efreet, with incredible momentum.
You hit the efreet but do no damage. You tentacle-slap the efreet.
The efreet is lightly wounded.
Unknown command.
You spin and attack the efreet, with incredible momentum.
You hit the efreet.
You squeeze the efreet, but do no damage.
The efreet is lightly wounded.
Your supernatural speed expires.
Unknown command.
Okay, then.
You hit the efreet. Lightning courses through the efreet!
You tentacle-slap the efreet, but do no damage.
The efreet is severely wounded.
The efreet gestures at you.
The fireball explodes!
The fireball engulfs you!!
The fireball engulfs the efreet.
The efreet completely resists.
You hear a shout!
Unknown command.
You hit the efreet but do no damage.
The efreet is severely wounded.
The efreet hits you with a +3 scimitar of flaming.
The efreet burns you.
Unknown command.
You barely miss the efreet.
The efreet is severely wounded.
The efreet gestures at you. The bolt of fire hits you!!
Ouch! That really hurt!
You die...

#. ## #.##. #...###
#...### #.....###
#.......###
####.#####°°.###
#####....# #R°.##
.....<##########h...#
...>.............##.##
.....##########.)....#
.)...# ###...#...#
###.######
#...####...#
.........###.### ##.#
.............# ..#
.........##### .#
.........# .


You could see an efreet.

Vanquished Creatures
  Eustachio (D:4)
  Edmund (D:4)
  A black bear (D:7)
  An ogre (D:5)
  A centaur (D:5)
  A phantom (D:6)
  2 scorpions
  2 howler monkeys
  2 bombardier beetles
  2 hounds
  7 orc priests
  Natasha (D:3)
  A sleepcap (D:6)
  4 iguanas
  5 orc wizards
  22 gnolls (D:5)
  6 adders
  A shadow imp (D:5)
  2 dart slugs
  A ribbon worm (D:2)
  39 orcs
  3 endoplasms
  2 giant cockroaches (D:3)
  4 goblins
  5 hobgoblins
  15 jackals
  7 kobolds
  3 ball pythons
  3 bats
  A frilled lizard (D:2)
  3 rats
149 creatures vanquished.

Notes
Turn   | Place    | Note
-------+----------+-------------------------------------------
     0 | D:1      | Flugslaktarn the Octopode Alchemist began the quest for the
                  | Orb.
     0 | D:1      | Reached XP level 1. HP: 11/11 MP: 3/3
    75 | D:3      | Reached XP level 2. HP: 17/17 MP: 3/5
    93 | D:3      | Noticed a wight
   165 | D:3      | Found Xupraso's Antique Weapon Emporium.
   168 | D:3      | Noticed Natasha
   191 | D:4      | Found Famiog's Self-Published Books.
   286 | D:3      | Noticed a bombardier beetle
   311 | D:3      | Killed a bombardier beetle
   312 | D:3      | Reached skill level 1 in Fighting
   312 | D:3      | Reached skill level 1 in Unarmed Combat
   312 | D:3      | Reached skill level 1 in Shapeshifting
   312 | D:3      | Reached XP level 3. HP: 23/23 MP: 1/6
   414 | D:4      | Noticed Eustachio
   487 | D:4      | HP: 1/23 [Eustachio/+0 falchion (5)]
   489 | D:4      | Killed Eustachio
   490 | D:4      | Reached skill level 2 in Shapeshifting
   490 | D:4      | Reached XP level 4. HP: 2/29 MP: 1/7
   490 | D:4      | Reached XP level 5. HP: 3/34 MP: 1/8
   754 | D:4      | Reached skill level 3 in Shapeshifting
   857 | D:4      | Reached XP level 6. HP: 25/39 MP: 5/9
   879 | D:5      | Entered Level 5 of the Dungeon
   901 | D:4      | Noticed Edmund
   930 | D:5      | Noticed a steam dragon
  1072 | D:4      | Found a runed translucent door.
  1073 | D:4      | Noticed Crazy Yiuf
  1190 | D:3      | Found an opulent altar of Gozag.
  1436 | D:3      | Killed Natasha
  1437 | D:3      | Reached skill level 4 in Shapeshifting
  1810 | D:4      | Killed Edmund
  1811 | D:4      | Reached skill level 5 in Shapeshifting
  1811 | D:4      | Reached XP level 7. HP: 25/45 MP: 10/10
  1962 | D:5      | Learned a level 4 spell: Olgreb's Toxic Radiance
  2031 | D:5      | Found a staircase to the Ecumenical Temple.
  2040 | Temple   | Entered the Ecumenical Temple
  2060 | Temple   | Became a worshipper of the Wu Jian Council
  2274 | D:5      | Reached * piety under Wu Jian
  2312 | D:5      | Reached skill level 5 in Alchemy
  2559 | D:5      | Reached XP level 8. HP: 28/50 MP: 1/11
  2720 | D:5      | Reached skill level 6 in Shapeshifting
  2771 | D:5      | Identified the ring "Atocobb" {Ice *Corrode ^Drain Str+8
                  | Int+5}
  2877 | D:5      | Reached ** piety under Wu Jian
  3021 | D:6      | Reached skill level 7 in Shapeshifting
  3085 | D:6      | Found Inwej's Gadget Gallery.
  3428 | D:6      | Reached skill level 8 in Shapeshifting
  3556 | D:7      | Found a shadowy altar of Dithmenos.
  3586 | D:7      | Reached XP level 9. HP: 22/54 MP: 3/12
  3860 | D:8      | Reached *** piety under Wu Jian
  3876 | D:8      | Found a glowing silver altar of Zin.
  3876 | D:8      | Noticed an angel
  3916 | D:8      | Noticed an efreet
  3925 | D:8      | Killed from afar by an efreet

Illustrated notes

Levels and vault maps discovered:
D:1:      psy_arrival_terrarium, layout_basic
D:2:      layout_basic
D:3:      layout_basic, mainiacjoe_overflow_concentric_impassable, serial_shops,
          nicolae_shop_overgrown_old_shop, lightli_corner_chamber, uniq_natasha
D:4:      layout_loops_ring, serial_park_tiny_pond, nicolae_custom_books,
          uniq_pargi, uniq_eustachio, uniq_edmund, uniq_crazy_yiuf_cottage
D:5:      lemuel_castle_with_subvaults [lemuel_castle_interior_carwin_1],
          layout_basic, minmay_temple_entry_nine_rooms
D:6:      layout_basic, nicolae_shop_gadgets
D:7:      layout_basic, mainiacjoe_overflow_brackets, uniq_menkaure
D:8:      minmay_the_grid_four_pointed_star
          [minmay_the_grid_triangle_9x9_flanged_cone,
          minmay_the_grid_triangle_9x9_minimal,
          minmay_the_grid_triangle_9x9_impossible_snake,
          minmay_the_grid_triangle_9x9_warning,
          minmay_the_grid_prize_diamond_cup], layout_rooms, zin_angel, uniq_grum
Temple:   nicolae_temple_bog_church

Skill      XL: |  1  2  3  4  5  6  7  8 |
---------------+-------------------------+-----
Fighting       | 1 2 |  2.2
Unarmed Combat | 1 2 |  2.2
Shapeshifting  | 1 2 3 5 8 |  8.9
Alchemy        | 6 |  6.0
Dodging        | |  2.0
Stealth        | |  2.6
Spellcasting   | |  2.2
Conjurations   | |  1.0

Action                     |  1- 3 |  4- 6 |  7- 9 || total
---------------------------+-------+-------+-------++-------
  Melee: Dagger            |    16 |    55 |   127 ||   198
         Constrict         |     6 |    14 |    38 ||    58
         Tentacles         |     5 |     9 |    24 ||    38
         Punch             |     1 |     1 |     3 ||     5
         Staff             |     1 |       |       ||     1
   Cast: Sting             |    22 |    33 |    85 ||   140
         Olgreb's Toxic Ra |       |       |    17 ||    17
 Invoke: Serpent's Lash    |       |       |     1 ||     1
Ability: Lunge             |       |       |    10 ||    10
         Whirlwind         |       |       |     7 ||     7
    Use: Potion            |     1 |     1 |     2 ||     4
         Scroll            |       |     5 |     4 ||     9
   Stab: Invisible         |       |     2 |       ||     2
 Armour: Skin              |    10 |    32 |    54 ||    96
  Dodge: Dodged            |    18 |    39 |    62 ||   119
   Form: Beast             |       |       |     1 ||     1

Table legend: (Time is in decaauts)
 A = Elapsed time spent in this place.
 B = Non-inter-level travel time spent in this place.
 C = Inter-level travel time spent in this place.
 D = Time resting spent in this place.
 E = Time spent auto-exploring this place.
 F = Levels seen in this place.
 G = Mean time per level.
                   A        B        C        D        E       F      G
               +--------+--------+--------+--------+--------+-----+--------+
         Total |   3928 |   3590 |    338 |    237 |   1066 |   9 |  436.4 |
       Dungeon |   3887 |   3587 |    300 |    237 |   1066 |   8 |  485.9 |
        Temple |     40 |      2 |     38 |      0 |      0 |   1 |   40.0 |
               +--------+--------+--------+--------+--------+-----+--------+

Top non-repeatable levels by time:
     D:5: 1087 daAuts
     D:4: 965 daAuts
     D:7: 520 daAuts
     D:3: 491 daAuts
     D:2: 375 daAuts
     D:6: 284 daAuts
     D:8: 93 daAuts
     D:1: 70 daAuts
  Temple: 40 daAuts
